 Dungeon Crawl Stone Soup version 0.27-a0-972-gd1521fd518 (webtiles) character file.

Game seed: 898524968417473079

4 Alarkh the Insei (level 1, 0/15 HPs)
             Began as a Demonspawn Transmuter on Apr 13, 2021.
             Slain by a kobold
             ... wielding a +0 short sword
              (4 damage)
             ... on level 1 of the Dungeon.
             The game lasted 00:00:09 (117 turns).

Alarkh the Insei (Demonspawn Transmuter)             Turns: 117, Time: 00:00:10

Health: 0/15       AC:  2    Str: 10    XL:     1   Next: 50%
Magic:  2/3        EV: 12    Int: 14    God:
Gold:   0          SH:  0    Dex: 13    Spells: 3/4 levels left

rFire    . . .     SeeInvis .     - Unarmed
rCold    . . .     Faith    .   (no shield)
rNeg     . . .     Spirit   .   a - +0 robe
rPois    .         Reflect  .   (helmet currently unavailable)
rElec    .         Harm     .   (no cloak)
rCorr    .         Rampage  .   (no gloves)
Will     .....                  (boots currently unavailable)
Stlth    +.........             (no amulet)
HPRegen  0.05/turn              (no ring)
MPRegen  0.08/turn              (no ring)

@: appendages
A: horns 2, talons 2
a: End Transformation


You were on level 1 of the Dungeon.
You had temporarily grown beastly horns and talons.
You visited 1 branch of the dungeon, and saw 1 of its levels.

Inventory:

Armour
 a - a +0 robe (worn)


   Skills:
 + Level 1.1 Fighting
 - Level 1.7 Dodging
 * Level 2.8 Unarmed Combat
 + Level 2.0 Spellcasting
 + Level 1.8 Transmutations


You had 3 spell levels left.
You knew the following spells:

 Your Spells              Type           Power      Damage    Failure   Level
a - Beastly Appendage     Tmut           12%        N/A       11%         1

Your spell library contained the following spells:

 Spells                   Type           Power      Damage    Failure   Level
 Wereblood                Tmut           6%         N/A       17%         2
 Spider Form              Tmut/Pois      2%         N/A       43%         3
 Ice Form                 Ice/Tmut       4%         N/A       85%         4
 Hydra Form               Tmut           3%         N/A       97%         5


Dungeon Overview and Level Annotations

Branches:
Dungeon (1/15)

Altars:


Innate Abilities, Weirdness & Mutations

You have temporarily grown beastly horns and talons.


Message History

The endoplasm quivers.
An endoplasm and a kobold come into view.
Your transformation is almost over.
The kobold shouts!
The endoplasm quivers.
Found 21 stones.
You hit the endoplasm.
The endoplasm is moderately wounded.
The endoplasm barely misses you.
You hit the endoplasm.
You kill the endoplasm!
The endoplasm freezes you.
You are frozen.
You barely miss the kobold. Your kick misses the kobold.
The endoplasm freezes you.
You are frozen.
The kobold hits you with a +0 short sword.
You are too injured to fight recklessly!
You are too injured to fight recklessly!
You are too injured to fight recklessly!
You are too injured to fight recklessly!
You are too injured to fight recklessly!
You are too injured to fight recklessly!
You are too injured to fight recklessly!
You are too injured to fight recklessly!
The kobold hits you with a +0 short sword.
* * * LOW HITPOINT WARNING * * *
You hit the endoplasm. Your headbutt misses the endoplasm.
The endoplasm is severely wounded.
Your horns disappear.
Your talons disappear.
The endoplasm closely misses you.
You hit the endoplasm.
You kill the endoplasm!
Casting: Beastly Appendage (safe; 11% risk of failure)
Confirm with . or Enter, or press ? or * to list all spells.
You grow a pair of large bovine horns.
Your feet morph into talons.
Unknown command.
You closely miss the kobold.
The kobold hits you with a +0 short sword.
You die...

###### #....#
####....# #.......# .
#@##....#
...#####K##....#######
.........##...........
.........###'#.......)
.........#
#.#.#########.
.........#
#.#..†........
.........#
#.#.#..#######
.........#
#.#.#.........
.........#
#.#.#.#######.


You could see a kobold.

Vanquished Creatures
  A bat (D:1)
  2 endoplasms (D:1)
3 creatures vanquished.

Notes
Turn   | Place    | Note
-------+----------+-------------------------------------------
     0 | D:1      | Alarkh the Demonspawn Transmuter began the quest for the
                  | Orb.
     0 | D:1      | Reached XP level 1. HP: 15/15 MP: 3/3
   117 | D:1      | Slain by a kobold

Illustrated notes

Levels and vault maps discovered:
D:1:      dpeg_arrival_rooms_c, layout_basic,
          ebering_ecumenical_altar_abandoned, minmay_splitting_lines

Action                   || total
-------------------------++-------
Melee: Unarmed           ||     8
       Kick              ||     1
 Cast: Beastly Appendage ||     3
Armor: Robe              ||     1
Dodge: Dodged            ||     3

Table legend: (Time is in decaauts)
 A = Elapsed time spent in this place.
 B = Non-inter-level travel time spent in this place.
 C = Inter-level travel time spent in this place.
 D = Time resting spent in this place.
 E = Time spent auto-exploring this place.
 F = Levels seen in this place.
 G = Mean time per level.
                   A        B        C        D        E       F      G
               +--------+--------+--------+--------+--------+-----+--------+
         Total |    116 |    116 |      0 |      0 |     98 |   1 |  116.0 |
       Dungeon |    116 |    116 |      0 |      0 |     98 |   1 |  116.0 |
               +--------+--------+--------+--------+--------+-----+--------+

Top non-repeatable levels by time:
     D:1: 116 daAuts
